 Dungeon Crawl Stone Soup version 0.30-a0-737-gf23d94013f (webtiles) character file.

Game seed: 7803079905552044403

420 sircluck the Cleaver (level 6, -2/60 HPs)
             Began as a Hill Orc Fighter on Feb 1, 2023.
             Slain by an ufetubus (4 damage)
             ... summoned by Eustachio
             ... on level 4 of the Dungeon.
             The game lasted 00:06:34 (3396 turns).

sircluck the Cleaver (Hill Orc Fighter)             Turns: 3396, Time: 00:06:34

Health: -2/60      AC:  7    Str: 21    XL:     6   Next: 94%
Magic:  6/6        EV: 10    Int:  8    God:
Gold:   107        SH:  5    Dex: 10    Spells: 5/5 levels left

rFire   . . .      SeeInvis .    a - +0 war axe
rCold   . . .      Faith    .    c - +0 buckler
rNeg    . . .      Spirit   .    b - +0 scale mail
rPois   .          Reflect  .    (no helmet)
rElec   .          Harm     .    (no cloak)
rCorr   .          Rampage  .    (no gloves)
Will    .....                    (no boots)
Stlth   +                        (no amulet)
HPRegen 0.30/turn                (no ring)
MPRegen 0.10/turn                (no ring)

@: on berserk cooldown, flying, slowed, very slow
A: no striking features
a: no special abilities


You were on level 4 of the Dungeon.
You visited 1 branch of the dungeon, and saw 4 of its levels.

You collected 107 gold pieces.

Inventory:

Hand Weapons
 a - a +0 war axe (weapon)
Missiles
 f - 27 stones
Armour
 b - a +0 scale mail (worn)
 c - a +0 buckler (worn)
Jewellery
 m - a ring of magical power
Scrolls
 e - a scroll of brand weapon {unknown}
 g - 9 scrolls of identify {unknown}
 i - 3 scrolls of teleportation {unknown}
 j - a scroll of vulnerability {unknown}
 n - a scroll of poison {unknown}
 p - a scroll of enchant armour {unknown}
Potions
 d - a potion of might
 l - a potion of lignification {unknown}
 o - 3 potions of haste (quivered) {unknown}


   Skills:
 + Level 7.6 Fighting
 + Level 8.2 Axes
 + Level 6.9 Armour
 + Level 3.9 Dodging
 + Level 4.1 Stealth
 + Level 6.5 Shields


You had 5 spell levels left.
You didn't know any spells.
Your spell library contained the following spells:

 Spells                   Type           Power      Damage    Failure   Level
 Blink                    Tloc           0%         N/A       90%         2
 Cigotuvi's Dreadful Rot  Necr/Pois/Air  0%         N/A       90%         2
 Poisonous Vapours        Pois/Air       0%         N/A       90%         2
 Call Canine Familiar     Summ           0%         N/A       99%         3
 Mephitic Cloud           Conj/Pois/Air  0%         N/A       99%         3
 Portal Projectile        Hex/Tloc       0%         N/A       99%         3
 Leda's Liquefaction      Hex/Erth       0%         N/A       100%        4
 Manifold Assault         Tloc           0%         N/A       100%        4
 Storm Form               Tmut/Air       0%         N/A       100%        7


Dungeon Overview and Level Annotations

Branches:
Dungeon (4/15)
 Temple: D:4-7

Altars:
Dithmenos
Sif Muna

Annotations:
D:4 Eustachio


Message History

It was a potion of experience.
You feel more experienced!
Your Fighting skill gained 3 levels and is now at level 7!
Your Axes skill gained 3 levels and is now at level 8!
Your Armour skill gained 2 levels and is now at level 6!
Your Dodging skill gained 3 levels and is now at level 3!
Your Stealth skill gained 4 levels and is now at level 4!
Your Shields skill gained 3 levels and is now at level 6!
You have reached level 6!
You feel sick. You block the ufetubus's attack.
The ufetubus hits you but does no damage.
You block the ufetubus's attack. The ufetubus closely misses you.
Eustachio gestures wildly while chanting.
Eustachio blinks!
The shadow imp hits you.
* * * LOW HITPOINT WARNING * * *
It was a potion of berserk rage.
A red film seems to cover your vision as you go berserk!
You feel yourself moving faster!
You feel mighty!
You feel sick. The ufetubus closely misses you.
You block the ufetubus's attack.
The shadow imp hits you but does no damage.
The ufetubus attacks as you move away! The ufetubus hits you.
* * * LOW HITPOINT WARNING * * *
The ufetubus closely misses you.
You feel a strong urge to attack something.
You feel sick. The ufetubus misses you. The ufetubus closely misses you.
You feel sick.
You feel your anger nearly subside.
You are no longer berserk.
You are exhausted.
You feel yourself slow down.
* * * LOW HITPOINT WARNING * * *
You feel sick.
You are no longer poisoned.
The crimson imp blinks!
It was a potion of flight.
You feel very buoyant.
You fly up into the air.
The crimson imp shouts, "Embrace thy failure, thou currish dread-bolted flirt-gill!"
The ufetubus barely misses you. The ufetubus hits you.
You die...

#..#### #.# #.#
#....##########.# #.#
#............##.# #.#
#............##.# #.#
#...$........##.# #.#
#......5.....##.# #.#
#...ยง..@.5...##.####.#
#......5.....##.#....#
#......@.....##...####
#.............#..##
#................#
#............#...#
#............##>.#
#............#####
#............#
#.############ #.


You could see Eustachio, a crimson imp (summoned), a shadow imp (summoned) and
an ufetubus (summoned).

Vanquished Creatures
  A hound (D:3)
  4 gnolls (D:2)
  6 adders
  2 worms (D:2)
  2 dart slugs
  An orc (D:3)
  7 bats
  8 endoplasms
  4 giant cockroaches
  4 goblins
  4 hobgoblins
  11 jackals
  4 kobolds
  4 quokkas
  6 ball pythons
  3 frilled lizards (D:1)
  7 rats
78 creatures vanquished.

Vanquished Creatures (others)
  14 plants (D:1)
14 creatures vanquished.

Grand Total: 92 creatures vanquished

Notes
Turn   | Place    | Note
-------+----------+-------------------------------------------
     0 | D:1      | sircluck the Hill Orc Fighter began the quest for the Orb.
     0 | D:1      | Reached XP level 1. HP: 19/19 MP: 1/1
    70 | D:1      | Reached XP level 2. HP: 24/27 MP: 2/2
   492 | D:1      | Reached skill level 3 in Axes
   571 | D:1      | Reached XP level 3. HP: 31/33 MP: 3/3
  1380 | D:2      | Reached XP level 4. HP: 23/40 MP: 4/4
  1513 | D:2      | Reached skill level 4 in Axes
  1710 | D:2      | Reached XP level 5. HP: 13/47 MP: 5/5
  2359 | D:3      | Found a shadowy altar of Dithmenos.
  2708 | D:3      | Reached skill level 5 in Axes
  3028 | D:3      | Found a shimmering blue altar of Sif Muna.
  3370 | D:4      | Noticed Eustachio
  3390 | D:4      | Reached skill level 8 in Axes
  3390 | D:4      | Reached XP level 6. HP: 8/60 MP: 6/6
  3392 | D:4      | HP: 4/90 [poisoned by Eustachio]
  3395 | D:4      | HP: 1/60 [poisoned by Eustachio]
  3396 | D:4      | Slain by an ufetubus

Illustrated notes

Levels and vault maps discovered:
D:1:      heliophobic_arrival_battle_scene, layout_basic,
          minmay_misc_feat_ornament, serial_bayou_ford_a
D:2:      layout_basic
D:3:      layout_loops_cross, lemuel_blue_sif_altar, grunt_dithmenos_smoke,
          chequers_avenue, chequers_serial_rivers_micro_b, nicolae_hexahallways,
          minmay_quantized
D:4:      layout_basic, mainiacjoe_overflow_small_starburst,
          fedhas_altar_fruit_tree, corexii_leaking_fountain,
          minmay_misc_feat_hallway, chequers_garden, nicolae_half_adder,
          uniq_eustachio

Skill      XL: |  1  2  3  4  5 |
---------------+----------------+-----
Fighting       | 4 7 |  7.6
Axes           | 3 4 8 |  8.2
Armour         | 4 6 |  6.9
Dodging        | 3 |  3.9
Stealth        | 4 |  4.1
Shields        | 6 |  6.5

Action                     |  1- 3 |  4- 6 || total
---------------------------+-------+-------++-------
  Melee: War axe           |   136 |   121 ||   257
    Use: Potion            |       |     3 ||     3
 Armour: Scale mail        |    73 |    72 ||   145
  Dodge: Dodged            |    80 |    80 ||   160
  Block: Buckler           |    31 |    43 ||    74

Table legend: (Time is in decaauts)
 A = Elapsed time spent in this place.
 B = Non-inter-level travel time spent in this place.
 C = Inter-level travel time spent in this place.
 D = Time resting spent in this place.
 E = Time spent auto-exploring this place.
 F = Levels seen in this place.
 G = Mean time per level.
                   A        B        C        D        E       F      G
               +--------+--------+--------+--------+--------+-----+--------+
         Total |   3518 |   3455 |     63 |    183 |   1884 |   4 |  879.5 |
       Dungeon |   3518 |   3455 |     63 |    183 |   1884 |   4 |  879.5 |
               +--------+--------+--------+--------+--------+-----+--------+

Top non-repeatable levels by time:
     D:3: 1163 daAuts
     D:2: 1132 daAuts
     D:1: 1019 daAuts
     D:4: 203 daAuts
